 Dungeon Crawl Stone Soup version 0.18.1-48-g4cf74bf (webtiles) character file.

67932 Krovax999 the Destroyer (level 14, -6/146 HPs)
             Began as a Grey Draconian Conjurer on June 26, 2016.
             Was a High Priest of Ashenzari.
             Killed by divine providence
             ... invoked by an orc priest
              (17 damage)
             ... on level 2 of the Orcish Mines on June 28, 2016.
             The game lasted 07:18:20 (32371 turns).

Krovax999 the Destroyer (Grey Draconian Conjurer)  Turns: 32371, Time: 07:18:21

Health: -6/146     AC: 30    Str:  5    XL:     14   Next: 84%
Magic:  25/38      EV: 21    Int: 22    God:    Ashenzari [*****.]
Gold:   1750       SH:  3    Dex: 17    Spells: 9 memorised, 0 levels left

rFire  . . .     SeeInvis +     x - +9 short sword of Qousm {drain, MP+9 Str-5 Dex+2} (curse)
rCold  . . .     Gourm    .     (armour unavailable)
rNeg   + . .     Faith    .     (no shield)
rPois  ∞         Spirit   .     (helmet restricted)
rElec  +         Dismiss  .     M - +2 cloak
rCorr  .         Reflect  +     (gloves currently unavailable)
SustAt .         Harm     .     (boots currently unavailable)
MR     +....     Clarity  +     X - +3 amulet of reflection (curse)
Stlth  ++........               l - +5 ring of evasion (curse)
                                f - +4 ring of intelligence (curse)

@: about to teleport, statue-form, very slightly contaminated, delayed fireball,
very slow, somewhat resistant to hostile enchantments, unstealthy
A: (walk through water), unfitting armour, stinger 1, screaming 1, unbreathing,
cold-blooded, AC +13
a: End Transformation, Curse Item, Scrying, Transfer Knowledge, Renounce
Religion, Release Delayed Fireball


You were on level 2 of the Orcish Mines.
You worshipped Ashenzari.
Ashenzari was extremely pleased with you.
You were hungry.
You were a stone statue.
You visited 3 branches of the dungeon, and saw 21 of its levels.
You also visited: Labyrinth and Volcano.

You collected 1750 gold pieces.

Inventory:

Hand Weapons
 a - a +0 dagger of holy wrath
 x - the cursed +9 short sword of Qousm (weapon) {drain, MP+9 Str-5 Dex+2}
   (You found it on level 4 of the Dungeon)

   A truly terrible weapon, it drains the life of those it strikes.
   It affects your strength (-5).
   It affects your dexterity (+2).
   It affects your magic capacity (+9).
   It has a curse placed upon it.
Missiles
 r - 14 javelins (quivered)
Armour
 p - a cursed +2 pair of boots (melded)
 K - a +2 buckler
 M - a +2 cloak (worn)
Rods
 J - a +5 iron rod (17/17)
   (You found it on level 8 of the Dungeon)
Jewellery
 f - a cursed +4 ring of intelligence (left hand)
 l - a cursed +5 ring of evasion (right hand)
 C - a +6 ring of intelligence
 E - an uncursed ring of protection from cold
 H - an uncursed ring of sustain attributes
 X - a cursed +3 amulet of reflection (around neck)
Wands
 e - a wand of polymorph (8/24)
 o - a wand of lightning (13/15)
 v - a wand of iceblast (14/15)
 I - a wand of polymorph (17/24)
 T - a wand of acid (7/15)
Scrolls
 d - 3 scrolls of magic mapping
 g - 5 scrolls of identify
 m - 2 scrolls of fear
 F - 2 scrolls of teleportation
 L - 3 scrolls of blinking
Potions
 k - 4 potions of flight
 n - a potion of heal wounds
 q - 5 potions of might
 s - 2 potions of berserk rage
 u - 3 potions of magic
 w - 2 potions of cancellation
 z - 2 potions of cure mutation
 A - 6 potions of haste
 B - 4 potions of brilliance
 D - 6 potions of curing
 U - 2 potions of resistance
Books
 G - a book of Fire

   Spells                             Type                      Level
   a - Ignite Poison                  Fire/Transmutation/Poison    3
   b - Fireball                       Conjuration/Fire             5
   c - Bolt of Fire                   Conjuration/Fire             6
   d - Delayed Fireball               Conjuration/Fire             7
   e - Ring of Flames                 Charms/Fire                  7
 P - a book of Transfigurations

   Spells                             Type                      Level
   a - Irradiate                      Conjuration/Transmutation    5
   b - Statue Form                    Transmutation/Earth          6
   c - Hydra Form                     Transmutation                6
   d - Dragon Form                    Transmutation                7
Miscellaneous
 c - a plain deck of defence {the Elixir}
 j - a lamp of fire
 Y - a phantom mirror
Comestibles
 b - 16 bread rations
 h - 6 meat rations
 i - 10 chunks of flesh
 V - 4 fruits


   Skills:
 + Level 7.3 Fighting
 + Level 8.5(12.4) Short Blades
 - Level 6.1 Dodging
 - Level 3.5 Stealth
 - Level 0.6 Shields
 - Level 11.4 Spellcasting
 + Level 12.4(16.0) Conjurations
 + Level 1.0(3.2) Hexes
 - Level 3.9(7.6) Charms
 - Level 6.1(10.1) Transmutations
 + Level 6.4(10.4) Fire Magic
 * Level 3.1(6.6) Air Magic
 - Level 9.6(13.4) Earth Magic
 * Level 8.6(12.5) Poison Magic
 - Level 3.0(6.4) Evocations


You couldn't memorise any spells.
You knew the following spells:

 Your Spells              Type           Power        Failure   Level  Hunger
a - Magic Dart            Conj           ####         0%          1    None
b - Poisonous Cloud       Conj/Pois/Air  ######....   8%          6    #####..
c - Dazzling Spray        Conj/Hex       ######       1%          3    None
d - Iskenderun's Mystic   Conj           ######..     1%          4    None
e - Delayed Fireball      Conj/Fire      N/A          21%         7    #######
f - Fireball              Conj/Fire      ######....   1%          5    ####...
g - Ignite Poison         Fire/Trmt/Pois ######..     1%          3    None
h - Iskenderun's Battles  Conj/Chrm      ######..     1%          5    ####...
i - Statue Form           Trmt/Erth      ######...    8%          6    #####..


Dungeon Overview and Level Annotations

Branches:
Dungeon (12/15)            Temple (0/1) D:4            Lair (7/8) D:9
 Shoals (0/4) Lair:4        Snake (0/4) Lair:5          Orc (2/2) D:12
    Elf (0/3) Orc:2
  Slime: Lair:6-8

Altars:
Ashenzari
Cheibriados
Gozag
Trog
Vehumet

Annotations:
D:5 lepiPlod666's ghost, amateur DgIE
D:6 Vincendra's ghost, novice MfSk


Innate Abilities, Weirdness & Mutations

((You can walk through water.))
((Your dull iron-grey scales are very hard (AC +13).))
Your body does not fit into most forms of armour.
You can survive without breathing.
You are cold-blooded and may be slowed by cold attacks.
Your tail ends in a poisonous barb.
You occasionally shout uncontrollably at your foes.


Message History

* * * LOW HITPOINT WARNING * * *
The orc knight shoots a bolt.
The bolt misses you.
The orc priest mumbles some strange prayers to Beogh against you.
Beogh smites you!
* * * LOW HITPOINT WARNING * * *
The orc priest calls upon Beogh to heal the orc priest.
The orc priest is healed somewhat.
The orc knight shoots a bolt.
The bolt completely misses you.
The orc priest calls upon Beogh to heal the orc priest.
The orc priest's wounds heal themselves!
As you read the scroll of teleportation, it crumbles to dust.
You feel strangely unstable.
The orc priest no longer looks unusually strong. x2
The orc priest invokes the aid of Beogh against you.
Beogh smites you!
* * * LOW HITPOINT WARNING * * *
The orc priest miscasts a cantrip.
The orc priest invokes the aid of Beogh against you.
Beogh smites you!
You die...

, ,....oooo#..#.#..#......## *,
.#.#o#.#o#...............# ,
...§...o(o....#.........####
,.....)).o...............#..###
, ...o§...o....................#
,*.#.#.#.#{#.......)......#.....
, .....[...#.o...........###...#
........##......).....###.##.#
...§§§## #...8.......#.#......
** ....##* #....()(.......#.#...
* * * #......).)..#.##.##.# *
*###...÷...........#.# ### ,,
##................... #.## *
.##.................... ...##
.........)............. ....###
##...........#.##.#... #..#..##,
* ##.#.).......##......


You could see 2 orc knights and 4 orc priests.

Vanquished Creatures
  Maud (Orc:2)
  An orc warlord (Orc:1)
  A minotaur (Lab)
  The ghost of Schimscham the Blocker, a journeyman MiFi of Okawaru (Orc:1)
  A catoblepas (Lair:6)
  5 hydras
  A centaur warrior (D:11)
  An ogre mage (D:12)
  Erica (Lair:2)
  9 death yaks
  A queen ant (Lair:6)
  Urug (Lair:2)
  An orc high priest (Orc:1)
  A hell knight (Volcano)
  A fire crab (Lair:7)
  2 unseen horrors
  3 hill giants
  A deep elf archer (Orc:1)
  4 orc knights
  A deep elf mage (Orc:1)
  2 orc sorcerers
  2 cyclopes
  An ugly thing (D:11)
  An oklob plant (Lair:2)
  A manticore (D:11)
  9 black mambas
  2 centaur zombies (D:11)
  11 elephants (Lair:7)
  2 toenail golems (Volcano)
  The ghost of loom the Destroyer, a novice DECj of Vehumet (D:7)
  12 spiny frogs
  8 komodo dragons
  A red devil (Volcano)
  A troll (Orc:2)
  2 two-headed ogres
  Grinder (D:4)
  A snapping turtle (Lair:4)
  A wraith (D:10)
  42 yaks
  Sigmund (D:4)
  A wyvern (D:8)
  A hungry ghost (D:11)
  A fire bat (Volcano)
  A steam dragon (D:11)
  3 basilisks
  9 hippogriffs
  5 wargs
  23 water moccasins
  11 soldier ants (Lair:6)
  6 porcupines
  Duvessa (D:4)
  2 hell hounds (D:9)
  15 orc warriors
  2 sky beasts
  2 phantoms
  2 black bears
  A necrophage (D:9)
  5 ice beasts
  16 wolves
  17 ogres
  10 centaurs
  12 crocodiles
  6 big kobolds
  17 giant frogs
  Dowan (D:4)
  A wyvern skeleton (D:9)
  4 scorpions
  8 wights
  3 killer bees (D:11)
  2 howler monkeys
  5 electric eels
  8 crimson imps
  5 lava snakes (Volcano)
  2 quasits
  A giant frog zombie (D:7)
  5 hounds
  2 centaur skeletons
  5 jellies
  18 orc priests
  3 giant frog skeletons
  Ijyb (D:3)
  Natasha (twice) (D:4)
  11 iguanas
  14 orc wizards
  24 worker ants
  8 sheep (Lair:1)
  3 worker ant zombies
  43 river rats
  14 adders
  11 gnolls
  A shadow imp (D:4)
  An ooze (D:2)
  An adder skeleton (D:4)
  2 adder zombies
  2 worms
  4 dart slugs
  3 giant geckos
  71 orcs
  4 giant cockroaches
  6 goblins
  5 hobgoblins
  11 jackals
  4 quokkas
  A ball python (D:1)
  2 bats (D:3)
  4 giant newts
  26 kobolds
  A quokka skeleton (D:4)
  4 rats
  A bush (Lair:4)
  2 butterflies (D:4)
  A fungus (Lair:5)
  7 plants
677 creatures vanquished.

Vanquished Creatures (others)
  A jackal (D:4)
  3 bushes (Lair:4)
  7 fungi
  10 plants
21 creatures vanquished.

Grand Total: 698 creatures vanquished

Notes
Turn   | Place    | Note
--------------------------------------------------------------
     0 | D:1      | Krovax999 the Draconian Conjurer began the quest for the Orb.
     0 | D:1      | Reached XP level 1. HP: 14/14 MP: 3/3
   578 | D:1      | Reached XP level 2. HP: 20/20 MP: 0/5
  1557 | D:2      | Reached XP level 3. HP: 26/26 MP: 2/6
  1661 | D:2      | Learned a level 2 spell: Searing Ray
  1665 | D:2      | Learned a level 3 spell: Dazzling Spray
  1963 | D:2      | Found a snail-covered altar of Cheibriados.
  2478 | D:3      | Found a shattered altar of Ashenzari.
  2491 | D:3      | Became a worshipper of Ashenzari the Shackled
  2579 | D:3      | Reached XP level 4. HP: 32/33 MP: 0/7
  2846 | D:3      | Noticed Ijyb
  2852 | D:3      | Reached skill level 1 in Short Blades
  2910 | D:3      | Reached skill level 5 in Conjurations
  3157 | D:3      | Killed Ijyb
  3157 | D:3      | Reached XP level 5. HP: 37/38 MP: 0/9
  3260 | D:3      | Found a bloodstained altar of Trog.
  3670 | D:4      | Noticed Grinder
  3852 | D:4      | Noticed Sigmund
  3853 | D:4      | Noticed a phantom
  3875 | D:4      | Killed Sigmund
  3875 | D:4      | Reached XP level 6. HP: 33/46 MP: 0/11
  4164 | D:4      | Your scales start taking on a dull iron-grey colour.
  4164 | D:4      | Reached XP level 7. HP: 35/51 MP: 4/13
  4164 | D:4      | Gained mutation: You can survive without breathing. [Grey Draconian growth]
  4395 | D:4      | Noticed Dowan
  4496 | D:5      | Entered Level 5 of the Dungeon
  4509 | D:5      | Found an opulent altar of Gozag.
  4581 | D:5      | Reached skill level 1 in Fighting
  4612 | D:5      | Learned a level 4 spell: Iskenderun's Mystic Blast
  4747 | D:5      | Noticed lepiPlod666's ghost (amateur DgIE)
  4814 | D:6      | Reached skill level 6 in Conjurations
  5148 | D:6      | Noticed Vincendra's ghost (novice MfSk)
  5616 | D:6      | Reached skill level 5 in Spellcasting
  5749 | D:7      | Reached XP level 8. HP: 59/59 MP: 3/15
  5874 | D:7      | Noticed loom's ghost (novice DECj)
  6197 | D:5      | Reached * piety under Ashenzari
  6393 | D:4      | Got the short sword of Qousm {drain, MP+9 Str-5 Dex+2}
  6394 | D:4      | Identified the +9 short sword of Qousm {drain, MP+9 Str-5 Dex+2} (You found it on level 4 of the Dungeon)
  6443 | D:4      | Noticed Duvessa
  6563 | D:4      | Found a staircase to the Ecumenical Temple.
  6584 | D:4      | Noticed Natasha
  6663 | D:4      | Killed Natasha
  6681 | D:4      | Reached skill level 5 in Dodging
  6996 | D:4      | Reached skill level 7 in Conjurations
  7063 | D:4      | Killed Grinder
  7067 | D:4      | Noticed Natasha
  7071 | D:4      | Killed Natasha
  7564 | D:4      | Killed Duvessa
  7568 | D:4      | Killed Dowan
  7986 | D:7      | Reached XP level 9. HP: 67/67 MP: 16/19
  8180 | D:7      | Reached skill level 8 in Conjurations
  8385 | D:7      | Killed loom's ghost
  9058 | D:8      | Learned a level 7 spell: Delayed Fireball
  9064 | D:8      | Learned a level 5 spell: Fireball
  9184 | D:8      | Reached skill level 1 in Fire Magic
 10216 | D:9      | Reached skill level 9 in Conjurations
 10265 | D:9      | Reached XP level 10. HP: 74/74 MP: 5/22
 10950 | D:9      | Found a staircase to the Lair.
 11663 | D:10     | Entered Level 10 of the Dungeon
 11891 | D:10     | Learned a level 3 spell: Ignite Poison
 12461 | D:10     | Learned a level 5 spell: Iskenderun's Battlesphere
 12482 | D:10     | Reached skill level 1 in Poison Magic
 13415 | D:11     | Noticed a white ugly thing
 13424 | D:11     | Killed a white ugly thing
 13424 | D:11     | Reached XP level 11. HP: 82/82 MP: 11/24
 13850 | D:11     | Reached skill level 5 in Short Blades
 14073 | D:11     | Reached skill level 5 in Fire Magic
 14479 | D:11     | Noticed a centaur warrior
 14484 | D:11     | Killed a centaur warrior
 14699 | D:11     | Reached ** piety under Ashenzari
 14761 | D:11     | Noticed a hill giant
 14770 | D:11     | Killed a hill giant
 15489 | D:12     | Noticed a hill giant
 15494 | D:12     | Killed a hill giant
 15494 | D:12     | Reached skill level 1 in Evocations
 15648 | D:12     | Found a staircase to the Orcish Mines.
 15865 | D:12     | Reached skill level 1 in Charms
 16189 | D:12     | Killed an unseen horror
 16189 | D:12     | Reached skill level 10 in Conjurations
 16533 | D:12     | Noticed an ogre mage
 16538 | D:12     | Killed an ogre mage
 16538 | D:12     | Reached skill level 5 in Poison Magic
 16735 | D:12     | Noticed a hill giant
 16741 | D:12     | Killed a hill giant
 17033 | D:8      | You fall through a shaft for 3 floors!
 17058 | D:11     | Killed an unseen horror
 17058 | D:11     | Reached XP level 12. HP: 72/93 MP: 14/25
 17236 | Lair:1   | Entered Level 1 of the Lair of Beasts
 17274 | D:9      | Reached skill level 5 in Fighting
 17485 | Lair:1   | Reached skill level 10 in Spellcasting
 18300 | Lair:1   | Reached *** piety under Ashenzari
 18935 | Lair:2   | Learned a level 6 spell: Statue Form
 18939 | Lair:2   | Noticed Urug
 18947 | Lair:2   | Killed Urug
 19338 | Lair:2   | Noticed Erica
 19344 | Lair:2   | Killed Erica
 19344 | Lair:2   | Reached skill level 1 in Transmutations
 19349 | Lair:2   | Reached skill level 5 in Earth Magic
 19817 | Lair:2   | Identified the +8 flail "Killer Klown's Bane" {venom, rElec Stlth+}
 21544 | Lair:4   | Reached skill level 11 in Conjurations
 21933 | Lair:4   | Reached **** piety under Ashenzari
 21981 | Lair:4   | Reached XP level 13. HP: 101/101 MP: 27/27
 23165 | Lair:4   | Found a staircase to the Shoals.
 23324 | Lair:4   | Reached skill level 5 in Transmutations
 24998 | Lair:5   | Gained mutation: You occasionally shout uncontrollably at your foes. [potion of mutation]
 24998 | Lair:5   | Gained mutation: Your tail ends in a poisonous barb. [potion of mutation]
 25135 | Lair:5   | Found a staircase to the Snake Pit.
 25711 | Lair:6   | Reached ***** piety under Ashenzari
 26933 | Lair:7   | Reached XP level 14. HP: 60/110 MP: 4/29
 27765 | Lair:7   | Learned a level 6 spell: Poisonous Cloud
 27880 | Lair:7   | Reached skill level 1 in Air Magic
 28713 | Orc:1    | Entered Level 1 of the Orcish Mines
 28713 | Orc:1    | Noticed Schimscham's ghost (journeyman MiFi)
 28730 | Orc:1    | Killed Schimscham's ghost
 28738 | Orc:1    | Reached skill level 12 in Conjurations
 28794 | Orc:1    | Noticed an orc warlord
 28899 | Orc:1    | Found a dark tunnel.
 28961 | Volcano  | Entered a volcano
 29178 | Volcano  | Found a bloodstained altar of Trog.
 29296 | Volcano  | Found a bloodstained altar of Trog.
 29445 | Orc:1    | Reached skill level 1 in Hexes
 29698 | Orc:1    | Killed an orc warlord
 30000 | Orc:2    | Entered Level 2 of the Orcish Mines
 30045 | Orc:2    | Found a staircase to the Elven Halls.
 30267 | Orc:2    | Found a labyrinth entrance.
 30280 | Orc:2    | Noticed Maud
 30281 | Orc:2    | Found a radiant altar of Vehumet.
 30296 | Orc:2    | Killed Maud
 30427 | Lab      | Entered a labyrinth
 32371 | Orc:2    | Killed from afar by an orc priest

Skill      XL: |  1  2  3  4  5  6  7  8  9 10 11 12 13 14 |
---------------+-------------------------------------------+-----
Dodging        | 2 3 4 5 6 |  6.1
Short Blades   | 1 2 3 4 5 6 7 8 |  8.5
Conjurations   | 5 6 7 9 10 11 12 | 12.4
Spellcasting   | 3 4 5 6 8 9 10 11 | 11.4
Fighting       | 1 2 3 4 5 6 7 |  7.3
Fire Magic     | 2 4 5 6 |  6.4
Stealth        | 2 3 |  3.5
Poison Magic   | 2 5 6 8 |  8.6
Evocations     | 3 |  3.0
Charms         | 2 3 |  3.9
Earth Magic    | 7 9 |  9.6
Transmutations | 4 5 6 |  6.1
Air Magic      | 3 |  3.1
Hexes          | 1 |  1.0
Shields        | |  0.6

Action                   |  1- 3 |  4- 6 |  7- 9 | 10-12 | 13-15 || total
-------------------------+-------+-------+-------+-------+-------++-------
Melee: Dagger            |    26 |       |       |       |       ||    26
       Tailslap          |     1 |     3 |     6 |    35 |    75 ||   120
       Unarmed           |     1 |       |       |       |       ||     1
       Short sword       |     4 |    45 |    86 |   249 |   694 ||  1078
Throw: Javelin           |       |       |       |     4 |       ||     4
 Cast: Magic Dart        |    75 |    81 |   119 |    97 |    10 ||   382
       Searing Ray       |       |     6 |    21 |    24 |     1 ||    52
       Dazzling Spray    |       |     2 |    14 |     3 |     5 ||    24
       Iskenderun's Myst |       |       |    72 |   207 |    88 ||   367
       Fireball          |       |       |       |    56 |    38 ||    94
       Iskenderun's Batt |       |       |       |    24 |    17 ||    41
       Statue Form       |       |       |       |     2 |    36 ||    38
       Delayed Fireball  |       |       |       |       |     7 ||     7
       Poisonous Cloud   |       |       |       |       |    23 ||    23
       Ignite Poison     |       |       |       |       |    10 ||    10
Invok: Curse Item        |     1 |     1 |     1 |     2 |       ||     5
       Scrying           |       |       |       |     2 |     7 ||     9
 Abil: Release Delayed F |       |       |       |       |     6 ||     6
       End Transformatio |       |       |       |       |     1 ||     1
  Use: Scroll            |     5 |     1 |    10 |    21 |    13 ||    50
       Potion            |       |       |     1 |     1 |     3 ||     5
 Stab: Invisible         |       |     1 |     3 |       |     2 ||     6
       Distracted        |       |       |       |     1 |     1 ||     2
       Sleeping          |       |       |       |     1 |     2 ||     3
  Eat: Chunk             |     6 |     3 |    13 |    39 |    28 ||    89
       Beef jerky        |       |     1 |     3 |     8 |     1 ||    13
       Pizza             |       |       |     1 |     1 |     2 ||     4
       Meat ration       |       |       |     3 |     1 |     3 ||     7
       Fruit             |       |       |       |     7 |    16 ||    23
       Bread ration      |       |       |       |       |     2 ||     2
Armor: Skin              |     7 |    15 |    35 |    55 |   225 ||   337
Dodge: Dodged            |    39 |    67 |   160 |   229 |   759 ||  1254
Block: Other             |       |       |       |     2 |   101 ||   103
       Reflection        |       |       |       |       |     2 ||     2
